 Dungeon Crawl Stone Soup version 0.31-a0-152-g6aa68a64a1 (webtiles) character file.

Game seed: 6403434871694890935

66 qw the Shooter (level 4, 0/39 HPs)
             Began as a Naga Hunter on June 10, 2023.
             Slain by a gnoll
             ... wielding a +0 spear
              (9 damage)
             ... on level 2 of the Dungeon.
             The game lasted 00:00:22 (865 turns).

qw the Shooter (Naga Hunter)                         Turns: 865, Time: 00:00:22

Health: 0/39       AC:  3    Str: 13    XL:     4   Next: 15%
Magic:  4/4        EV:  9    Int:  9    God:
Gold:   35         SH:  0    Dex: 17    Spells: 3/3 levels left

rFire   . . .        Y - +0 shortbow
rCold   . . .        (shield currently unavailable)
rNeg    . . .        c - +0 leather armour
rPois   +            d - +0 helmet
rElec   .            (no cloak)
rCorr   .            (no gloves)
SInv    +            (no barding)
Will    .....        (no amulet)
Stlth   ++           (no ring)
HPRegen 0.26/turn    (no ring)
MPRegen 0.09/turn

%: no passive effects
@: very slow
A: AC +1, large, see invisible, deformed body, poison resistance, slowness 2,
spit poison 1, naga tail 1
a: Spit Poison


You were on level 2 of the Dungeon.
You visited 1 branch of the dungeon, and saw 2 of its levels.

You collected 35 gold pieces.


Innate Abilities, Weirdness & Mutations

Your serpentine skin is tough. (AC +1)
You have supernaturally acute eyesight. (SInv)
Armour fits poorly on your strangely shaped body.
Your system is resistant to poisons. (rPois)
You cover ground very slowly.
You can spit poison.
You have a snake-like lower body.


   Skills:
 + Level 2.2 Fighting
 - Level 5.0 Ranged Weapons
 - Level 1.5 Dodging
 - Level 1.5 Stealth


You had 3 spell levels left.
You didn't know any spells.
Your spell library was empty.

Inventory:

Hand Weapons
 Y - a +0 shortbow (weapon)
Armour
 c - a +0 leather armour (worn)
 d - a +0 helmet (worn)
Scrolls
 a - a scroll of teleportation {unknown}
Potions
 e - a potion of curing {unknown}

Dungeon Overview and Level Annotations

Branches:
Dungeon (2/15)

Altars:

Shops:
D:1 ?


Message History

The gnoll shouts!
You hear a shout!
A gnoll comes into view. It is wielding a +0 flail.
A gnoll comes into view. It is wielding a +0 whip.
857 ||| INVOKING Spit Poison.
Aiming: Spit Poison (2% risk of failure)
Press: ? - help, Shift-Dir - straight line, f - gnoll The splash of poison hits the gnoll.
The gnoll is poisoned.
The gnoll is moderately wounded.
858 ||| Stepping ~*~*~tactically~*~*~ (outnumbered).
You shoot an arrow. The arrow hits the gnoll.
The gnoll is moderately wounded.
The gnoll hits you with a +0 club.
You shoot an arrow. The arrow completely misses the gnoll.
The arrow barely misses the gnoll.
The gnoll looks more healthy.
The gnoll hits you but does no damage. The gnoll hits you with a +0 club.
You shoot an arrow. The arrow hits the gnoll.
The gnoll is severely wounded.
You have got your breath back.
The gnoll barely misses you. The gnoll hits you with a +0 club!
862 ||| INVOKING Spit Poison.
Aiming: Spit Poison (2% risk of failure)
Press: ? - help, Shift-Dir - straight line, f/p - gnoll The splash of poison hits the gnoll.
The gnoll is poisoned.
You kill the gnoll!
The gnoll barely misses you.
You have reached level 4!
You feel agile.
You shoot an arrow. The arrow closely misses the gnoll.
The gnoll hits you from afar with a +0 spear.
The gnoll hits you with a +0 flail.
You shoot an arrow. The arrow hits the gnoll.
The gnoll is severely wounded.
The gnoll hits you from afar with a +0 spear!
The gnoll hits you with a +0 flail!
You shoot an arrow. The arrow hits the gnoll!
You kill the gnoll!
You have got your breath back.
The gnoll barely misses you.
The gnoll hits you from afar with a +0 spear!
You die...

#%#########.# ########.#
#.####+##
#....%.#.#########.......##
#.####.#.#.......#..%.....#
###...#.#####.#........#
#.......# #%#........#
#.####### #.#.#+##'#.# #.#
#.#.#...%#.# #.#
#@#.######.# #..
#)#........#.# ###
#.gg.g<#..........#
#..###.#.....########## ..
.)......'.........
#.#.....##########
..#.##### #### ### #...
#...


You could see a gnoll.

Vanquished Creatures
  Natasha (D:2)
  2 gnolls (D:2)
  A worm (D:2)
  6 bats
  3 endoplasms (D:1)
  A goblin (D:1)
  2 hobgoblins (D:1)
  A quokka (D:2)
  3 ball pythons
  2 frilled lizards (D:1)
  7 kobolds
  A rat (D:1)
30 creatures vanquished.

Notes
Turn   | Place    | Note
-------+----------+-------------------------------------------
     0 | D:1      | qw the Naga Hunter began the quest for the Orb.
     0 | D:1      | Reached XP level 1. HP: 19/19 MP: 1/1
     0 | D:1      | 0 ||| qw: Version: 0.2-a-29-g0080da8
     0 | D:1      | 0 ||| qw: Game counter: 3842
     0 | D:1      | 0 ||| qw: Always use a shield: true
     0 | D:1      | 0 ||| qw: God list: Okawaru
     0 | D:1      | 0 ||| qw: Allow faded altars: false
     0 | D:1      | 0 ||| qw: Do Orc after D:15 true
     0 | D:1      | 0 ||| qw: Do second Lair branch before Depths: true
     0 | D:1      | 0 ||| qw: Lair rune preference: random
     0 | D:1      | 0 ||| qw: Plans: Normal
     0 | D:1      | 0 ||| PLANNING D:1-11
    42 | D:1      | 42 ||| INVOKING Spit Poison.
    59 | D:1      | 59 ||| INVOKING Spit Poison.
   101 | D:1      | 101 ||| INVOKING Spit Poison.
   102 | D:1      | Reached skill level 4 in Ranged Weapons
   102 | D:1      | Reached XP level 2. HP: 26/26 MP: 2/2
   146 | D:1      | Found a faded altar of an unknown god.
   174 | D:1      | 174 ||| INVOKING Spit Poison.
   178 | D:1      | 178 ||| INVOKING Spit Poison.
   254 | D:1      | 254 ||| INVOKING Spit Poison.
   270 | D:1      | 270 ||| INVOKING Spit Poison.
   380 | D:1      | Found Rinnoom's Magic Scroll Boutique.
   388 | D:1      | 388 ||| SHOPLISTING scroll of enchant armour (75 gold, have
                  | 16).
   388 | D:1      | 388 ||| SHOPLISTING scroll of enchant weapon (75 gold, have
                  | 16).
   388 | D:1      | 388 ||| SHOPLISTING scroll of identify (20 gold, have 16).
   401 | D:1      | 401 ||| INVOKING Spit Poison.
   407 | D:1      | 407 ||| INVOKING Spit Poison.
   497 | D:1      | 497 ||| INVOKING Spit Poison.
   532 | D:1      | 532 ||| INVOKING Spit Poison.
   533 | D:1      | 533 ||| INVOKING Spit Poison.
   593 | D:1      | 593 ||| UPGRADING to +0 helmet.
   598 | D:1      | 598 ||| READING scroll labelled HORCHEPS JASU.
   599 | D:1      | 599 ||| READING scroll labelled DEUTYU MOPAMEP.
   600 | D:1      | 600 ||| DROPPING scroll of butterflies.
   668 | D:2      | 668 ||| INVOKING Spit Poison.
   674 | D:2      | 674 ||| INVOKING Spit Poison.
   694 | D:2      | 694 ||| INVOKING Spit Poison.
   736 | D:2      | 736 ||| INVOKING Spit Poison.
   737 | D:2      | Reached XP level 3. HP: 32/32 MP: 3/3
   741 | D:2      | 741 ||| INVOKING Spit Poison.
   760 | D:2      | Noticed Natasha
   761 | D:2      | 761 ||| INVOKING Spit Poison.
   762 | D:2      | 762 ||| Stepping ~*~*~tactically~*~*~ (outnumbered).
   764 | D:2      | 764 ||| INVOKING Spit Poison.
   765 | D:2      | 765 ||| INVOKING Spit Poison.
   768 | D:2      | Killed Natasha
   821 | D:2      | 821 ||| INVOKING Spit Poison.
   822 | D:2      | 822 ||| INVOKING Spit Poison.
   828 | D:2      | 828 ||| INVOKING Spit Poison.
   843 | D:2      | 843 ||| INVOKING Spit Poison.
   853 | D:2      | 853 ||| INVOKING Spit Poison.
   854 | D:2      | Reached skill level 5 in Ranged Weapons
   857 | D:2      | 857 ||| INVOKING Spit Poison.
   858 | D:2      | 858 ||| Stepping ~*~*~tactically~*~*~ (outnumbered).
   862 | D:2      | 862 ||| INVOKING Spit Poison.
   863 | D:2      | Reached XP level 4. HP: 25/39 MP: 4/4
   864 | D:2      | HP: 9/39 [gnoll/+0 flail (7)]
   865 | D:2      | Slain by a gnoll

Levels and vault maps discovered:
D:1:      lightli_arrival_isolated_outpost, layout_basic,
          shapermc_ecumenical_altar_venn, serial_shops, shop,
          grunt_decor_mini_mirrors, minmay_misc_feat_tiny, minmay_misc_feat_x
D:2:      layout_basic, hangedman_glass_teeth, uniq_natasha

Skill      XL: |  1  2  3 |
---------------+----------+-----
Ranged Weapons | 4 5 |  5.0
Fighting       | |  2.2
Dodging        | |  1.5
Stealth        | |  1.5

Action                     |  1- 3 |  4- 6 || total
---------------------------+-------+-------++-------
   Fire: Shortbow          |    55 |     3 ||    58
Ability: Spit Poison       |    24 |       ||    24
    Use: Scroll            |     2 |       ||     2
 Armour: Leather armour    |     8 |       ||     8
  Dodge: Dodged            |    14 |     1 ||    15

Table legend:
 A = Non-vault XP
 B = Vault XP
 C = Vault XP percentage of total XP
 D = Non-vault monster count
 E = Vault monster count
 F = Vault count percentage of total count
                 A         B        C        D         E       F
            +---------+---------+-------+---------+---------+-------
      Total |      75 |      35 |  31.8 |      29 |       1 |   3.3
            +---------+---------+-------+---------+---------+-------
        D:1 |      28 |       0 |   0.0 |      18 |       0 |   0.0
        D:2 |      47 |      35 |  42.7 |      11 |       1 |   8.3
            +---------+---------+-------+---------+---------+-------
